Map: Thunderbird LE

Players

Probe - Winner!

  • Race: Protoss Protoss
  • Spawn Location: 11:00

Solarian

  • Race: Protoss Protoss
  • Spawn Location: 5:00

Event: NationWars 2019

VOD

Have the link to the VOD?

Description

Time

  • Played on: Sept. 29, 2019, 3:54 a.m.
  • Length: 7:45

All games in this series

Show
View Real Time Build Order
Export as new Build Order

Probe Protoss - Winner!

Build Orders: Phoenix Opening, Zealot Archon 

Get SALT Encoding   

  12  0:00  Probe  
  13  0:13  Probe  
  14  0:17  Pylon  
  14  0:25  Probe (Chrono Boost)  
  15  0:37  Probe (Chrono Boost)  
  15  0:38  Gateway  
  16  0:44  Probe (Chrono Boost)  
  16  0:47  Assimilator  
  17  0:51  Probe  
  17  0:55  Assimilator  
  18  1:03  Probe (Chrono Boost)  
  19  1:11  Gateway  
  19  1:14  Probe (Chrono Boost)  
  20  1:19  Probe (Chrono Boost)  
  20  1:25  Cybernetics Core  
  21  1:29  Probe  
  22  1:35  Pylon  
  22  1:42  Probe  
  23  1:54  Probe  
  24  2:02  Stalker, Sentry, Warp Gate  
  24  2:06  Probe  
  29  2:12  Pylon  
  29  2:18  Probe  
  30  2:24  Pylon  
  30  2:30  Stalker  
  30  2:32  Stalker  
  34  2:37  Phoenix  
  34  2:40  Probe  
  35  2:55  Nexus  
  35  3:01  Sentry  
  35  3:02  Sentry  
  39  3:11  Pylon  
  39  3:18  Forge  
  39  3:19  Probe  
  39  3:31  Probe  
  40  3:39  Robotics Facility  
  40  3:43  Probe (Chrono Boost)  
  41  3:50  Protoss Ground Weapons Level 1  
  41  3:54  Adept  
  41  3:55  Adept, Probe (Chrono Boost)  
  46  4:03  Probe (Chrono Boost)  
  46  4:07  Probe (Chrono Boost)  
  48  4:12  Probe (Chrono Boost)  
  50  4:18  Probe (Chrono Boost)  
  50  4:19  Probe (Chrono Boost)  
  50  4:22  Probe (Chrono Boost)  
  50  4:23  Shield Battery  
  51  4:25  Probe  
  51  4:29  Immortal (Chrono Boost)  
  57  4:34  Probe  
  57  4:37  Probe  
  57  4:46  Probe  
  57  4:49  Probe  
  57  4:52  Twilight Council  
  57  4:54  Gateway  
  57  5:01  Pylon  
  57  5:03  Observer (Chrono Boost)  
  58  5:12  Probe x2  
  55  5:23  Immortal  
  55  5:24  Probe (Chrono Boost)  
  55  5:25  Probe (Chrono Boost)  
  56  5:36  Probe (Chrono Boost), Sentry  
  56  5:37  Probe (Chrono Boost)  
  56  5:41  Assimilator  
  58  5:43  Probe x2 (Chrono Boost)  
  58  5:44  Assimilator  
  58  5:48  Zealot  
  62  5:51  Probe x2  
  64  6:03  Immortal  
  68  6:05  Pylon  
  68  6:07  Probe x2  
  68  6:08  Pylon  
  70  6:15  Pylon  
  70  6:22  Gateway  
  70  6:25  Gateway  
  70  6:32  Gateway  
  68  6:36  Templar Archives  
  68  6:39  Shield Battery  
  68  6:41  Shield Battery  
  68  6:47  Photon Cannon  
  68  6:49  Photon Cannon  
  68  6:56  Sentry  
  68  6:57  Adept x2  
  73  7:03  Shield Battery  
  73  7:11  Pylon, Shield Battery  
  73  7:18  High Templar x2  
  73  7:19  Zealot x3  
  81  7:24  Archon  
  81  7:28  Probe x2  
  81  7:31  Gateway  
  81  7:36  Zealot  
Show
View Real Time Build Order
Export as new Build Order

Solarian Protoss 

Build Orders: Dark Templar Rush 

Get SALT Encoding   

  12  0:00  Probe  
  13  0:13  Probe  
  14  0:17  Pylon  
  14  0:26  Probe (Chrono Boost)  
  15  0:38  Probe (Chrono Boost)  
  15  0:40  Gateway  
  16  0:44  Probe (Chrono Boost)  
  16  0:48  Assimilator  
  17  0:52  Probe  
  17  0:56  Assimilator  
  18  1:04  Probe (Chrono Boost)  
  18  1:10  Gateway  
  19  1:14  Probe (Chrono Boost)  
  20  1:19  Probe (Chrono Boost)  
  21  1:26  Cybernetics Core  
  21  1:31  Probe  
  22  1:35  Pylon  
  22  1:43  Probe  
  23  1:55  Probe  
  24  2:02  Stalker  
  24  2:03  Warp Gate, Sentry  
  28  2:12  Pylon  
  28  2:37  Twilight Council  
  28  2:45  Stalker, Shield Battery  
  30  2:55  Nexus  
  30  3:01  Pylon  
  30  3:06  Probe  
  31  3:18  Probe  
  32  3:21  Dark Shrine  
  32  3:30  Probe  
  33  3:42  Probe  
  34  3:49  Robotics Facility  
  34  3:51  Stalker  
  34  3:54  Probe, Shield Battery  
  37  4:06  Probe  
  38  4:10  Probe  
  39  4:18  Probe (Chrono Boost)  
  39  4:22  Probe (Chrono Boost)  
  41  4:30  Probe (Chrono Boost)  
  43  4:32  Probe (Chrono Boost)  
  43  4:35  Probe (Chrono Boost), Dark Templar x2  
  43  4:36  Probe (Chrono Boost)  
  48  4:45  Probe  
  46  4:48  Probe  
  47  4:55  Immortal (Chrono Boost)  
  47  4:57  Probe  
  52  5:00  Probe  
  52  5:04  Forge  
  53  5:09  Probe  
  53  5:12  Probe  
  55  5:16  Resonating Glaives  
  55  5:21  Probe  
  55  5:22  Assimilator  
  55  5:23  Pylon  
  55  5:24  Probe  
  55  5:31  Immortal (Chrono Boost)  
  55  5:35  Gateway  
  57  5:36  Gateway  
  57  5:44  Gateway  
  57  5:45  Gateway  
  57  5:50  Pylon  
  57  5:59  Adept  
  57  6:00  Adept, Warp Prism (Chrono Boost)  
  63  6:07  Pylon  
  63  6:10  Gateway  
  63  6:16  Pylon  
  63  6:22  Adept x2  
  67  6:28  Observer (Chrono Boost)  
  68  6:35  Pylon  
  68  6:45  Adept x5  
  68  6:46  Adept  
  80  7:06  Adept x7  
  82  7:27  Adept x2  
  82  7:28  Adept x5  
Tags
 
Add a new tag
Caveats
  • Supply blocks, unpowered buildings, or Contaminate may cause inaccurate times.
  • Supply counts are checked every 10 seconds.